 Dungeon Crawl Stone Soup version 0.31-a0-214-gb37851dbb3 (webtiles) character file.

Game seed: 8986907169860241765

509 qw the Chopper (level 7, -14/43 HPs)
             Began as a Gargoyle Fighter on July 1, 2023.
             Demolished by an ogre
             ... wielding a +0 giant club
              (20 damage)
             ... on level 5 of the Dungeon.
             The game lasted 00:01:36 (2802 turns).

qw the Chopper (Gargoyle Fighter)                   Turns: 2802, Time: 00:01:36

Health: -14/43     AC: 13    Str: 28    XL:     7   Next: 19%
Magic:  7/7        EV:  9    Int:  8    God:
Gold:   177        SH:  5    Dex: 15    Spells: 6/6 levels left

rFire   . . .        j - +2 war axe
rCold   . . .        c - +0 buckler
rNeg    + . .        k - +0 chain mail
rPois   inf          (no helmet)
rElec   +            (no cloak)
rCorr   .            (no gloves)
SInv    .            (no boots)
Will    +....        (no amulet) Stlth
                     n - +6 ring of strength
HPRegen 0.27/turn    f - +6 ring of dexterity
MPRegen 0.10/turn

%: clarity
@: about to teleport
A: sickness immunity, AC +4, negative energy resistance 1, electricity
resistance, torment resistance 1, petrification resistance, talons 1, clarity,
strong-willed 1, sense surroundings 1, evolution 1, MP-powered wands
a: no special abilities


You were on level 5 of the Dungeon.
You visited 1 branch of the dungeon, and saw 5 of its levels.

You collected 177 gold pieces.


Innate Abilities, Weirdness & Mutations

You are immune to sickness and miasma.
Your stone body is resilient. (AC +4)
You are immune to poison.
You resist negative energy. (rN+)
You are resistant to electric shocks. (rElec)
You are resistant to unholy torment.
You are immune to petrification.
You have sharp toenails.
You possess an exceptional clarity of mind.
You are strong-willed. (Will+)
You passively map a small area around you.
You have hidden genetic potential.
You expend magic power (3 MP) to strengthen your wands.


   Skills:
 - Level 4.0 Fighting
 + Level 6.5 Axes
 - Level 3.2 Armour
 - Level 1.0 Dodging
 - Level 3.2 Shields


You had 6 spell levels left.
You didn't know any spells.
Your spell library was empty.

Inventory:

Hand Weapons
 j - a +2 war axe (weapon)
 o - a +0 morningstar
Armour
 c - a +0 buckler (worn)
 k - a +0 chain mail (worn)
Jewellery
 f - a +6 ring of dexterity (right hand)
 n - a +6 ring of strength (left hand)
Potions
 a - a potion of attraction
 d - a potion of might
 e - a potion of haste {unknown}
 h - a potion of heal wounds {unknown}
 i - a potion of curing {unknown}
 m - a potion of ambrosia {unknown}

Dungeon Overview and Level Annotations

Branches:
Dungeon (5/15)
 Temple: D:4-7

Altars:

Shops:
D:1 (


Message History

Done exploring.
(D) Dungeon
Where to? (* - list waypoints, Enter - D:4, ? - help)
What level of the Dungeon? (default 1, ? - help)
You feel less attractive to monsters.
You see here a +0 ring mail.
There is a stone staircase leading down here.
You climb downwards.
There is a stone staircase leading up here.
Waypoint 4 assigned to D:5.
An adder comes into view.
You slice the adder!!
You kill the adder!
Found a robe.
An ogre comes into view. It is wielding a +0 giant club.
The ogre shouts!
An ogre comes into view. It is wielding a +0 giant club.
The ogre shouts!
You hear a shout!
You hit the ogre.
The ogre is moderately wounded.
You block the ogre's attack.
You completely miss the ogre. You claw the ogre.
The ogre is heavily wounded.
The ogre hits you with a +0 giant club!!
Ouch! That really hurt!
You hit the ogre.
The ogre is heavily wounded.
You slash the ogre!
You kill the ogre!
The ogre hits you with a +0 giant club!
An orc wizard comes into view. It is wielding a +0 dagger.
You have reached level 7!
2801 ||| READING scroll of teleportation.
As you read the scroll of teleportation, it crumbles to dust.
You feel strangely unstable.
The orc wizard shouts!
You hear a shout! x4
You slash the ogre! Your kick misses the ogre.
The ogre is moderately wounded.
The ogre hits you with a +0 giant club!!
You die...

#.....#.# #[#.. #.# #.
#####.#.# ###,#.# #. ,
.#, * ,### #. * *** , *
#. * #. , ,,, * #. , ,
,, * #.
#######################.
..o...O@................
#.######################
, , , , ,, * , * * * * *
* * * * >, *


You could see an ogre and an orc wizard.

Vanquished Creatures
  An ogre (D:5)
  A phantom (D:4)
  A hound (D:4)
  An orc priest (D:4)
  A sleepcap (D:4)
  An iguana (D:4)
  2 orc wizards
  A gnoll (D:1)
  6 adders
  4 worms
  2 dart slugs (D:3)
  9 orcs
  7 bats
  8 endoplasms
  3 giant cockroaches
  8 goblins
  9 hobgoblins
  14 jackals
  6 kobolds
  4 quokkas
  6 ball pythons
  4 rats
99 creatures vanquished.

Notes
Turn   | Place    | Note
-------+----------+-------------------------------------------
     0 | D:1      | qw the Gargoyle Fighter began the quest for the Orb.
     0 | D:1      | Reached XP level 1. HP: 14/14 MP: 1/1
     0 | D:1      | 0 ||| qw: Version: 0.3-a-32-g5962c71
     0 | D:1      | 0 ||| qw: Game counter: 7480
     0 | D:1      | 0 ||| qw: Melee chars always use a shield: true
     0 | D:1      | 0 ||| qw: God list: Okawaru
     0 | D:1      | 0 ||| qw: Allow faded altars: false
     0 | D:1      | 0 ||| qw: Do Orc after clearing Dungeon:15 true
     0 | D:1      | 0 ||| qw: Do second Lair branch before Depths: true
     0 | D:1      | 0 ||| qw: Lair rune preference: random
     0 | D:1      | 0 ||| qw: Goals: Normal, Zot:1-4, Slime:5, God:TSO, Crypt,
                  | Tomb, Abyss, Pan, Hells, Win
     0 | D:1      | 0 ||| PLANNING D:1-11
    60 | D:1      | 60 ||| Stepping ~*~*~tactically~*~*~ (stealth).
    65 | D:1      | Reached skill level 2 in Axes
    76 | D:1      | Found Teocsoakh's Weapon Emporium.
    79 | D:1      | 79 ||| Stepping ~*~*~tactically~*~*~ (hiding).
   129 | D:1      | 129 ||| SHOPLISTING +2 flail of protection (210 gold, have
                  | 15).
   150 | D:1      | Reached XP level 2. HP: 17/19 MP: 2/2
   159 | D:1      | 159 ||| Stepping ~*~*~tactically~*~*~ (stealth).
   295 | D:1      | Reached skill level 3 in Axes
   516 | D:1      | 516 ||| Stepping ~*~*~tactically~*~*~ (stealth).
   518 | D:1      | Reached XP level 3. HP: 23/23 MP: 3/3
   518 | D:1      | 518 ||| Stepping ~*~*~tactically~*~*~ (stealth).
   677 | D:1      | 677 ||| Stepping ~*~*~tactically~*~*~ (stealth).
   693 | D:1      | 693 ||| READING scroll labelled MUXKAC BOHOKK.
   694 | D:1      | 694 ||| READING scroll labelled WUNUUNU KAYRYWK.
   695 | D:1      | 695 ||| READING scroll labelled CEASTRE IPOPOPI.
   696 | D:1      | 696 ||| READING scroll labelled EDENWANIQI.
   786 | D:2      | 786 ||| Stepping ~*~*~tactically~*~*~ (stealth).
   796 | D:2      | Reached XP level 4. HP: 28/28 MP: 4/4
   888 | D:2      | 888 ||| Stepping ~*~*~tactically~*~*~ (stealth).
   889 | D:2      | 889 ||| Stepping ~*~*~tactically~*~*~ (stealth).
   899 | D:2      | Reached skill level 4 in Axes
   950 | D:2      | 950 ||| Stepping ~*~*~tactically~*~*~ (stealth).
   956 | D:2      | 956 ||| Stepping ~*~*~tactically~*~*~ (stealth).
   968 | D:2      | 968 ||| FLEEEEING.
   971 | D:2      | 971 ||| Stepping ~*~*~tactically~*~*~ (stealth).
   974 | D:2      | 974 ||| Stepping ~*~*~tactically~*~*~ (stealth).
   992 | D:2      | 992 ||| Stepping ~*~*~tactically~*~*~ (stealth).
  1173 | D:2      | 1173 ||| READING scroll labelled CUUPLA ETOT.
  1196 | D:3      | 1196 ||| STAIRDANCE
  1315 | D:3      | 1315 ||| FLEEEEING.
  1316 | D:3      | 1316 ||| FLEEEEING.
  1317 | D:3      | 1317 ||| FLEEEEING.
  1334 | D:3      | 1334 ||| Stepping ~*~*~tactically~*~*~ (hiding).
  1354 | D:3      | Reached XP level 5. HP: 15/32 MP: 5/5
  1440 | D:3      | 1440 ||| Stepping ~*~*~tactically~*~*~ (stealth).
  1490 | D:3      | 1490 ||| FLEEEEING.
  1491 | D:3      | 1491 ||| FLEEEEING.
  1492 | D:3      | 1492 ||| FLEEEEING.
  1524 | D:3      | 1524 ||| Stepping ~*~*~tactically~*~*~ (hiding).
  1711 | D:3      | Reached skill level 5 in Axes
  1715 | D:3      | Found a faded altar of an unknown god.
  1824 | D:3      | 1824 ||| UPGRADING to ring of positive energy.
  1825 | D:3      | 1825 ||| READING scroll labelled HUINLA MOK.
  1898 | D:4      | 1898 ||| READING scroll of enchant weapon.
  1898 | D:4      | 1898 ||| ENCHANTING +1 war axe.
  1957 | D:4      | Reached skill level 1 in Dodging
  1957 | D:4      | Reached XP level 6. HP: 24/38 MP: 6/6
  2013 | D:4      | 2013 ||| DROPPING +0 mace.
  2470 | D:4      | Reached skill level 6 in Axes
  2657 | D:4      | 2657 ||| UPGRADING to +0 chain mail.
  2667 | D:4      | 2667 ||| DROPPING +0 scale mail.
  2668 | D:4      | 2668 ||| UPGRADING to +6 ring of dexterity.
  2669 | D:4      | 2669 ||| UPGRADING to +6 ring of strength.
  2671 | D:4      | 2671 ||| DROPPING ring of positive energy.
  2672 | D:4      | 2672 ||| DRINKING 2 sedimented purple potions.
  2673 | D:4      | 2673 ||| DRINKING 2 orange potions.
  2673 | D:4      | Gained mutation: You possess an exceptional clarity of
                  | mind. [potion of mutation]
  2673 | D:4      | Gained mutation: Your mind is acute. (Int +4, Str/Dex -1)
                  | [potion of mutation]
  2673 | D:4      | Gained mutation: You are frail. (-10% HP) [potion of
                  | mutation]
  2673 | D:4      | Gained mutation: You have sharp toenails. [potion of
                  | mutation]
  2674 | D:4      | 2674 ||| DRINKING potion of mutation.
  2674 | D:4      | Lost mutation: You are frail. (-10% HP) [potion of
                  | mutation]
  2674 | D:4      | Lost mutation: Your mind is acute. (Int +4, Str/Dex -1)
                  | [potion of mutation]
  2674 | D:4      | Gained mutation: You have hidden genetic potential. [potion
                  | of mutation]
  2674 | D:4      | Gained mutation: You are strong-willed. (Will+) [potion of
                  | mutation]
  2674 | D:4      | Gained mutation: You passively map a small area around you.
                  | [potion of mutation]
  2674 | D:4      | Gained mutation: You expend magic power (3 MP) to
                  | strengthen your wands. [potion of mutation]
  2737 | D:5      | Entered Level 5 of the Dungeon
  2800 | D:5      | HP: 5/38 [ogre/+0 giant club (14)]
  2801 | D:5      | Reached XP level 7. HP: 5/43 MP: 7/7
  2801 | D:5      | 2801 ||| READING scroll of teleportation.
  2802 | D:5      | Demolished by an ogre

Levels and vault maps discovered:
D:1:      heliophobic_arrival_henge, layout_rooms, serial_shops,
          nicolae_shop_waterfront
D:2:      layout_rooms
D:3:      layout_basic, hellmonk_ecumenical_altar_inner_sanctum
D:4:      layout_loops_cross, serial_glass, glass_columns_a, glass_columns_a
D:5:      layout_basic, uniq_blork_the_orc

Skill      XL: |  1  2  3  4  5  6 |
---------------+-------------------+-----
Axes           | 2 3 4 5 6 |  6.5
Fighting       | 4 |  4.0
Dodging        | 1 |  1.0
Armour         | |  3.2
Shields        | |  3.2

Action                     |  1- 3 |  4- 6 |  7- 9 || total
---------------------------+-------+-------+-------++-------
  Melee: War axe           |    56 |   173 |     1 ||   230
         Kick              |       |     1 |       ||     1
  Throw: Boomerang         |    42 |    16 |       ||    58
    Use: Scroll            |     4 |     3 |     1 ||     8
         Potion            |       |     3 |       ||     3
 Armour: Scale mail        |    47 |   108 |       ||   155
  Dodge: Dodged            |    25 |    66 |       ||    91
  Block: Buckler           |     9 |    28 |       ||    37

Table legend:
 A = Non-vault XP
 B = Vault XP
 C = Vault XP percentage of total XP
 D = Non-vault monster count
 E = Vault monster count
 F = Vault count percentage of total count
                 A         B        C        D         E       F
            +---------+---------+-------+---------+---------+-------
      Total |     728 |       0 |   0.0 |      99 |       0 |   0.0
            +---------+---------+-------+---------+---------+-------
        D:1 |      45 |       0 |   0.0 |      19 |       0 |   0.0
        D:2 |      99 |       0 |   0.0 |      37 |       0 |   0.0
        D:3 |      92 |       0 |   0.0 |      20 |       0 |   0.0
        D:4 |     358 |       0 |   0.0 |      21 |       0 |   0.0
        D:5 |     134 |       0 |   0.0 |       2 |       0 |   0.0
            +---------+---------+-------+---------+---------+-------
